 Dungeon Crawl Stone Soup version 0.19-a0-1341-g3513869 (webtiles) character file.

5303 lost the Carver (level 10, 0/69 HPs)
             Began as a High Elf Fighter on Sept 1, 2016.
             Was an Elder of Okawaru.
             Slain by a troll (8 damage)
             ... on level 9 of the Dungeon.
             The game lasted 00:15:11 (11177 turns).

lost the Carver (High Elf Fighter)                 Turns: 11177, Time: 00:15:11

Health: 0/69       AC: 19    Str: 18      XL:     10   Next: 37%
Magic:  13/15      EV: 13    Int:  9 (11) God:    Okawaru [****..]
Gold:   290        SH:  0    Dex: 16 (17) Spells: 0 memorised, 9 levels left

rFire  . . .     SeeInvis .     a - +1 long sword
rCold  + . .     Gourm    .     t - +1 chain mail {rPois}
rNeg   . . .     Faith    .     (no shield)
rPois  +         Spirit   .     L - +0 helmet
rElec  .         Dismiss  .     p - +2 cloak
rCorr  +         Reflect  .     G - +0 pair of gloves
MR     +....     Harm     .     (no boots)
Stlth  ..........               (no amulet)
                                B - ring of resist corrosion
                                n - ring of protection from cold

@: heroism
A: no striking features
a: Heroism, Renounce Religion


You were on level 9 of the Dungeon.
You worshipped Okawaru.
Okawaru was greatly pleased with you.
You were hungry.

You visited 2 branches of the dungeon, and saw 10 of its levels.

You collected 404 gold pieces.
You spent 114 gold pieces at shops.

Inventory:

Hand Weapons
 a - a +1 long sword (weapon)
Armour
 c - a +0 shield
 p - a +2 cloak (worn)
 t - a +1 chain mail of poison resistance (worn)
 v - a +1 ring mail of fire resistance
 G - a +0 pair of gloves (worn)
 L - a +0 helmet (worn)
Jewellery
 k - an uncursed amulet of dismissal
 n - a ring of protection from cold (left hand)
 B - a ring of resist corrosion (right hand)
Wands
 j - a wand of digging (15/24)
 y - a wand of polymorph (10/24)
 A - a wand of lightning (0/15)
 K - a wand of confusion (20/48)
Scrolls
 b - 3 scrolls of fog
 e - 2 scrolls of noise
 g - 4 scrolls of remove curse
 i - 3 scrolls of enchant weapon
 l - 5 scrolls of teleportation
 o - 2 scrolls of recharging
 q - a scroll of identify
 w - a scroll of amnesia
 x - 2 scrolls of magic mapping
 C - 2 scrolls of immolation
Potions
 d - a potion of magic
 m - 3 potions of brilliance
 r - 4 potions of curing
 s - 2 potions of invisibility
 u - a potion of cure mutation
 F - a potion of haste
 J - a potion of heal wounds
Books
 z - a book of Party Tricks

   Spells                             Type                      Level
   a - Summon Butterflies             Summoning                    1
   b - Apportation                    Translocation                1
   c - Tukima's Dance                 Hexes                        3
   d - Alistair's Intoxication        Transmutation/Poison         5
   e - Invisibility                   Hexes                        6
Miscellaneous
 E - a phantom mirror
Comestibles
 f - 6 bread rations
 D - 4 meat rations
 H - 2 beef jerkies
 I - 3 fruits


   Skills:
 + Level 6.4(11.4) Fighting
 * Level 12.1(17.1) Long Blades
 + Level 6.9(11.9) Armour
 + Level 4.9(9.9) Dodging
 - Level 2.6(7.6) Shields
 * Level 6.1 Invocations
 + Level 0.4 Evocations


You had 9 spell levels left.
You didn't know any spells.

Dungeon Overview and Level Annotations

Branches:
Dungeon (9/15)             Temple (1/1) D:4
   Lair: D:8-11         Orc: D:9-12

Altars:
Ashenzari
Cheibriados
Dithmenos
Fedhas
Gozag
Hepliaklqana
Kikubaaqudgha
Nemelex Xobeh
Okawaru
Qazlal
Ru
Vehumet
Yredelemnul
Zin

Shops:
D:4 ?


Message History

The troll is moderately wounded.
The troll bites you. The troll barely misses you.
The troll claws you but does no damage.
You slash the troll!
The troll is severely wounded.
The troll bites you but does no damage. The troll claws you!
The troll claws you but does no damage.
Your chain mail prevents you from hitting the troll.
The troll is severely wounded.
You closely miss the troll.
The troll is severely wounded.
The troll bites you!
* * * LOW HITPOINT WARNING * * *
The troll claws you but does no damage. The troll claws you!
* * * LOW HITPOINT WARNING * * *
You are too injured to fight recklessly!
You are too injured to fight recklessly!
You gain the combat prowess of a mighty hero.
The troll bites you!
You die...

.............# #.# #.###.###.#.
)............##.#.#.#.#.#.# #.#
....###...>..#$# #.###.###.#.#.#
....# #....).##.#.#.#.#.# #.# #.#
....# ######.# #.###.###.#.#.#.#.
....# #.## #.#.#.# #.# #.# #
....# #.#)###†###.#.#.#.#.#.
##### #.##T#.#.###.# #.# #.#
#...##### #.# #@###.#.#.#.#.#.#
........# #.##.#.###.###)# #.#
.≈.≈.≈..####.#%# #.#.#.#.#.#.#
..≈≈≈........## #.###.###.#
.≈≈≈≈≈.......# #.#.#.#.#.#
.≈≈≈≈≈.......# #[# #.###.#
.≈≈≈≈≈.......####################
.≈≈≈≈........#.........).(.(.....
.≈≈...≈................######.###


You could see a troll.

Vanquished Creatures
  A polar bear (D:9)
  A wyvern (D:8)
  6 yaks (D:9)
  A hippogriff (D:7)
  Edmund (D:6)
  Duvessa (D:5)
  A sky beast (D:6)
  3 orc warriors
  A black bear (D:9)
  5 ice beasts
  A phantom (D:7)
  An ogre (D:9)
  A crocodile (D:9)
  A centaur (D:9)
  Blork the orc (D:4)
  A gnoll sergeant (D:9)
  6 giant frogs
  Dowan (D:5)
  A water moccasin zombie (D:7)
  A scorpion (D:9)
  3 killer bees (D:7)
  2 howler monkeys
  7 crimson imps
  3 giant frog zombies
  A quasit (D:5)
  2 jellies (D:6)
  5 hounds
  2 centaur skeletons (D:9)
  A gnoll shaman (D:7)
  3 orc priests
  8 orc wizards
  4 iguanas
  6 worker ants
  2 killer bee zombies (D:9)
  A hound skeleton (D:6)
  A killer bee simulacrum (D:9)
  A worker ant zombie (D:8)
  5 gnolls (D:7)
  7 adders
  3 shadow imps
  A white imp (D:9)
  2 worker ant simulacra (D:9)
  An ufetubus (D:9)
  An ooze (D:7)
  An adder zombie (D:9)
  An adder skeleton (D:5)
  2 worms
  A dart slug (D:1)
  7 giant geckos
  36 orcs
  3 ball pythons
  7 bats
  8 giant cockroaches
  8 hobgoblins
  15 jackals
  11 quokkas
  5 giant newts
  13 goblins
  5 kobolds
  9 rats
240 creatures vanquished.

Notes
Turn   | Place    | Note
-------+----------+-------------------------------------------
     0 | D:1      | lost the High Elf Fighter began the quest for the Orb.
     0 | D:1      | Reached XP level 1. HP: 16/16 MP: 2/2
   389 | D:1      | Reached XP level 2. HP: 20/21 MP: 3/3
   507 | D:1      | Reached XP level 3. HP: 21/26 MP: 4/4
   526 | D:1      | Reached skill level 3 in Long Blades
  1300 | D:2      | Found an ancient bone altar of Kikubaaqudgha.
  1680 | D:2      | Reached skill level 1 in Dodging
  1683 | D:2      | Reached XP level 4. HP: 19/31 MP: 5/5
  2199 | D:3      | Reached skill level 4 in Long Blades
  2214 | D:3      | Found a hazy altar of Hepliaklqana.
  2603 | D:3      | Found a shadowy altar of Dithmenos.
  2659 | D:3      | Reached XP level 5. HP: 21/37 MP: 6/6
  2874 | D:4      | Noticed Blork the orc
  2874 | D:4      | Noticed an ice beast
  2883 | D:4      | Killed Blork the orc
  2883 | D:4      | Reached skill level 5 in Long Blades
  2886 | D:4      | Reached XP level 6. HP: 33/43 MP: 7/7
  2890 | D:4      | Killed an ice beast
  3090 | D:4      | Found Vugh's Magic Scroll Boutique.
  3105 | D:4      | Bought a scroll of teleportation for 36 gold pieces
  3105 | D:4      | Bought a scroll of teleportation for 36 gold pieces
  3105 | D:4      | Bought a scroll of magic mapping for 42 gold pieces
  3180 | D:4      | Reached skill level 6 in Long Blades
  3264 | D:4      | Found a staircase to the Ecumenical Temple.
  3438 | Temple   | Entered the Ecumenical Temple
  3450 | Temple   | Became a worshipper of Warmaster Okawaru
  3516 | D:4      | Found a stormy altar of Qazlal.
  3517 | D:4      | Found a glowing silver altar of Zin.
  3571 | D:4      | Found a radiant altar of Vehumet.
  3752 | D:5      | Entered Level 5 of the Dungeon
  3908 | D:5      | Reached XP level 7. HP: 14/48 MP: 8/8
  4314 | D:5      | Reached skill level 1 in Invocations
  4426 | D:5      | Noticed Dowan
  4427 | D:5      | Noticed Duvessa
  4467 | D:5      | Killed Duvessa
  4517 | D:5      | Killed Dowan
  4517 | D:5      | Reached skill level 7 in Long Blades
  5270 | D:5      | Reached * piety under Okawaru
  5270 | D:5      | Reached XP level 8. HP: 25/54 MP: 10/10
  5461 | D:6      | Noticed Edmund
  5480 | D:6      | Killed Edmund
  5643 | D:6      | Found a snail-covered altar of Cheibriados.
  5742 | D:6      | Reached skill level 5 in Fighting
  5836 | D:6      | Reached skill level 8 in Long Blades
  5836 | D:6      | Reached skill level 5 in Armour
  6514 | D:6      | Reached skill level 9 in Long Blades
  6764 | D:6      | Reached ** piety under Okawaru
  6927 | D:7      | Reached XP level 9. HP: 58/61 MP: 13/13
  7015 | D:7      | Found a shattered altar of Ashenzari.
  7017 | D:7      | Found an opulent altar of Gozag.
  7043 | D:7      | Found a sacrificial altar of Ru.
  7743 | D:7      | Reached skill level 10 in Long Blades
  8460 | D:8      | Reached skill level 5 in Invocations
  8642 | D:8      | Got a fine leather armour
  8653 | D:8      | Identified the +2 leather armour of the Leaf {rF+} (You found it on level 8 of the Dungeon)
  9392 | D:9      | Noticed a polar bear
  9431 | D:9      | Reached *** piety under Okawaru
  9431 | D:9      | Reached skill level 11 in Long Blades
  9436 | D:9      | Killed a polar bear
  9442 | D:9      | Reached XP level 10. HP: 17/68 MP: 12/15
 10755 | D:9      | Reached **** piety under Okawaru
 10988 | D:9      | Reached skill level 12 in Long Blades
 11177 | D:9      | Slain by a troll

Vault maps used:
D:1:      onia_arrival_larder
D:2:      kiku_gazebo_pond_becter
D:3:      grunt_dithmenos_smoke_and_mirrors, marbit_many_paths, first_bread
D:4:      nicolae_overflow_hidden_temple, serial_shops, shop_fountains,
          uniq_sigmund, uniq_blork_the_orc
D:5:      uniq_duvessa
D:6:      slow_altar_2, uniq_edmund
D:7:      kennysheep_little_box, grunt_temple_overflow_open
D:9:      minmay_imperfect_grid, kennysheep_mini, serial_ice, serial_ice_h,
          serial_ice_o, serial_ice_f, serial_ice_a
Temple:   compressed_dpeg_triangle_lava_temple

Skill      XL: |  1  2  3  4  5  6  7  8  9 10 |
---------------+-------------------------------+-----
Armour         | 3 4 5 6 |  6.9
Long Blades    | 3 4 5 6 7 9 11 12 | 12.1
Dodging        | 1 2 3 4 |  4.9
Fighting       | 4 5 6 |  6.4
Invocations    | 2 4 5 6 |  6.1
Shields        | |  2.6
Evocations     | |  0.4

Action                   |  1- 3 |  4- 6 |  7- 9 | 10-12 || total
-------------------------+-------+-------+-------+-------++-------
Melee: Long sword        |   191 |   213 |   673 |   238 ||  1315
Invok: Heroism           |       |       |     3 |     1 ||     4
Evoke: Wand              |       |       |     3 |       ||     3
  Use: Potion            |       |     2 |     4 |       ||     6
       Scroll            |       |     5 |    13 |     1 ||    19
  Eat: Chunk             |     2 |     3 |    15 |     3 ||    23
       Meat ration       |       |     1 |       |       ||     1
       Fruit             |       |       |     3 |       ||     3
       Royal jelly       |       |       |       |     1 ||     1
       Pizza             |       |       |       |     1 ||     1
Armor: Scale mail        |    33 |       |       |       ||    33
       Chain mail        |    78 |   120 |   301 |   115 ||   614
       Skin              |       |       |    44 |       ||    44
Dodge: Dodged            |    81 |    77 |   248 |    74 ||   480
